 Dungeon Crawl Stone Soup version 0.29.1-1-gd02db69 (webtiles) character file.

Game seed: 612168573260568293

744270 Lichfox the Dealer of Despair (level 27, -1/195 HPs)
             Began as a Human Necromancer on Apr 23, 2023.
             Was an Elder of Kikubaaqudgha.
             Slain by a skeletal warrior
             ... wielding a +0 flail
              (9 damage)
             ... on level 2 of the Tomb of the Ancients on Apr 27, 2023.
             The game lasted 22:15:19 (88925 turns).

Lichfox the Dealer of Despair (Human Necromancer)  Turns: 88925, Time: 22:15:20

Health: -1/195     AC: 25    Str:  8    XL:     27
Magic:  14/55      EV: 12    Int: 25    God:    Kikubaaqudgha [****..]
Gold:   4154       SH: 11    Dex: 19    Spells: 2/64 levels left

rFire   + + +      SeeInvis +   U - +9 demon trident (vorpal)
rCold   + + .      Faith    .   i - +3 buckler
rNeg    + + +      Spirit   .   A - +6 troll leather armour "Luciowni" {Harm Drain Regen+ rCorr SInv}
rPois   ∞          Reflect  .   Z - +0 hat of the Ward {rF+++ Will+ MP+9 Dex-2}
rElec   +          Harm     +   T - scarf {+Inv}
rCorr   +          Rampage  .   z - +2 pair of gloves {hurl}
Will    +++++                   f - +2 pair of boots {Fly}
Stlth   ++........              t - amulet of magic regeneration
HPRegen 1.22/turn               O - ring "Hiath" {rElec rC+ Will+ rCorr Dex+6}
MPRegen 0.74/turn               v - ring of wizardry

@: about to teleport, lich-form, death channelling, marked, animating dead,
flying, very slightly contaminated, slowed, studying 2 skills, invisible, very
slow
A: draining attack, torment immunity, no potions, antennae 1, clumsy 1, frail 1,
strong-willed 2, weak 1, noise suppression
}: 5/15 runes: decaying, slimy, silver, abyssal, gossamer
a: End Transformation, Renounce Religion, Evoke Invisibility, Unearth Wretches


You were on level 2 of the Tomb of the Ancients.
You worshipped Kikubaaqudgha.
Kikubaaqudgha was greatly pleased with you.
You were an undead lich.
You visited 15 branches of the dungeon, and saw 63 of its levels.
You visited Pandemonium 1 time, and saw 1 of its levels.
You visited the Abyss 1 time.
You also visited: Ossuary and Desolation.

You collected 11372 gold pieces.
You spent 7218 gold pieces at shops.

Inventory:

Hand Weapons
 R - the +10 spear of Reinforcement {venom, +Blink}
   (You took it off a deep elf archer on level 3 of the Elven Halls)

   It poisons the flesh of those it strikes.
   +Blink:    It lets you blink.
 U - a +9 vorpal demon trident (weapon)
Missiles
 p - 2 throwing nets
 E - 5 curare-tipped darts (quivered)
Armour
 f - a +2 pair of boots of flying (worn)
 i - a +3 buckler (worn)
 u - the +5 kite shield of the Modern Artisans {-Tele rPois rC++ Dex+8}
   (You bought it in a shop on level 3 of the Dungeon)

   Dex:       It affects your dexterity (+8).
   rC:        It greatly protects you from cold.
   rPois:     It protects you from poison.
   -Tele:     It prevents most forms of teleportation.
 z - a +2 pair of gloves of hurling (worn)
 A - the +6 troll leather armour "Luciowni" (worn) {Harm Drain Regen+ rCorr SInv}
   (You took it off a yaktaur on level 5 of the Vaults)

   SInv:      It lets you see invisible.
   Regen:     It increases your rate of health regeneration.
   rCorr:     It protects you from acid and corrosion.
   Drain:     It drains your maximum health when unequipped.
   Harm:      It increases damage dealt and taken.
 I - a scarf of repulsion
 T - a scarf of invisibility (worn)
 Z - the +0 hat of the Ward (worn) {rF+++ Will+ MP+9 Dex-2}
   (You found it on level 4 of the Spider Nest)

   Dex:       It affects your dexterity (-2).
   rF:        It renders you almost immune to fire.
   MP:        It affects your magic capacity (+9).
   Will:      It increases your willpower.
Jewellery
 g - a ring of protection from cold
 n - the ring of Hyse {Ice *Slow rElec rPois Int+4}
   (You acquired it on level 8 of the Dungeon)

   [ring of ice]

   It enhances your ice magic.
   Int:       It affects your intelligence (+4).
   rF:        It makes you vulnerable to fire.
   rC:        It protects you from cold.
   rElec:     It insulates you from electricity.
   rPois:     It protects you from poison.
   *Slow:     It may slow you when you take damage.
 t - an amulet of magic regeneration (around neck)
 v - a ring of wizardry (right hand)
 y - a +4 ring of protection
 F - a ring of ice
 O - the ring "Hiath" (left hand) {rElec rC+ Will+ rCorr Dex+6}
   (You bought it in a shop in Pandemonium)

   [ring of protection from cold]

   Dex:       It affects your dexterity (+6).
   rC:        It protects you from cold.
   rElec:     It insulates you from electricity.
   rCorr:     It protects you from acid and corrosion.
   Will:      It increases your willpower.
Wands
 d - a wand of polymorph (10)
 x - a wand of digging (13)
 P - a wand of roots (33)
 Q - a wand of mindburst (36)
Scrolls
 c - 7 scrolls of poison
 e - 8 scrolls of vulnerability
 h - 12 scrolls of amnesia
 k - 9 scrolls of teleportation
 l - a scroll of enchant weapon
 o - 4 scrolls of fog
 q - 2 scrolls of magic mapping
 w - 2 scrolls of torment
 B - a scroll of summoning
 C - 3 scrolls of fear
 M - 3 scrolls of silence
Potions
 a - 7 potions of ambrosia
 b - 9 potions of might
 m - 22 potions of curing
 s - a potion of invisibility
 D - 7 potions of brilliance
 H - 7 potions of berserk rage
 K - 7 potions of haste
 N - 2 potions of heal wounds
 S - 4 potions of resistance
 W - 8 potions of cancellation
 X - 10 potions of lignification
Miscellaneous
 j - the horn of Geryon
 r - a condenser vane
 J - a phantom mirror (inert)


   Skills:
 - Level 18.0 Fighting
 - Level 14.0 Polearms
 - Level 14.0 Armour
 - Level 2.0 Dodging
 - Level 2.0 Stealth
 - Level 14.0 Shields
 - Level 19.0 Spellcasting
 - Level 13.8 Conjurations
 - Level 5.0 Hexes
 O Level 27 Necromancy
 - Level 4.0 Translocations
 - Level 20.0 Transmutations
 * Level 13.5 Fire Magic
 - Level 10.0 Ice Magic
 + Level 19.7 Earth Magic
 - Level 10.0 Evocations


You had 2 spell levels left.
You knew the following spells:

 Your Spells              Type           Power      Damage    Failure   Level
a - Iron Shot             Conj/Erth      41%        9d8       1%          6
b - Animate Dead          Necr           100%       N/A       0%          4
c - Death Channel         Necr           63%        N/A       0%          6
d - Vampiric Draining     Necr           100%       2d13      0%          3
e - Borgnjor's Vile Clut  Necr/Erth      59%        N/A       0%          5
f - Anguish               Hex/Necr       51%        N/A       1%          4
g - Gell's Gravitas       Tloc           43%        N/A       1%          3
h - Dispel Undead         Necr           100%       3d31      0%          4
i - Iskenderun's Mystic   Conj/Tloc      62%        2d13      1%          4
l - Necromutation         Tmut/Necr      59%        N/A       1%          8
q - Scorch                Fire           100%       2d10      0%          2
r - Frozen Ramparts       Ice            100%       1d16      1%          3
t - Blink                 Tloc           86%        N/A       1%          2
v - Infestation           Necr           63%        N/A       1%          8

Your spell library contained the following spells:

 Spells                   Type           Power      Damage    Failure   Level
 Beastly Appendage        Tmut           100%       N/A       0%          1
 Foxfire                  Conj/Fire      100%       2x1d9     0%          1
 Magic Dart               Conj           100%       1d8       0%          1
 Necrotise                Necr           100%       1d9       0%          1
 Sublimation of Blood     Necr           100%       N/A       0%          2
 Wereblood                Tmut           89%        N/A       0%          2
 Apportation              Tloc           86%        N/A       1%          1
 Freeze                   Ice            100%       1d11      1%          1
 Slow                     Hex            100%       N/A       1%          1
 Sting                    Tmut/Pois      100%       1d8       1%          1
 Summon Small Mammal      Summ           92%        N/A       1%          1
 Call Imp                 Summ           23%        N/A       1%          2
 Poisonous Vapours        Pois/Air       46%        N/A       1%          2
 Static Discharge         Conj/Air       55%        3-10/arc  1%          2
 Petrify                  Tmut/Erth      89%        N/A       0%          4
 Agony                    Necr           100%       N/A       0%          5
 Blade Hands              Tmut           44%        N/A       0%          5
 Confusing Touch          Hex            48%        N/A       1%          3
 Conjure Flame            Conj/Fire      75%        6-21      1%          3
 Dazzling Flash           Conj/Hex       100%       N/A       1%          3
 Ignite Poison            Fire/Tmut/Pois 68%        N/A       1%          3
 Inner Flame              Hex/Fire       63%        N/A       1%          3
 Lesser Beckoning         Tloc           43%        N/A       1%          3
 Mephitic Cloud           Conj/Pois/Air  46%        N/A       1%          3
 Ozocubu's Armour         Ice            65%        N/A       1%          3
 Portal Projectile        Hex/Tloc       92%        N/A       1%          3
 Spider Form              Tmut/Pois      65%        N/A       1%          3
 Summon Guardian Golem    Hex/Summ       36%        N/A       1%          3
 Teleport Other           Tloc           43%        N/A       1%          3
 Tukima's Dance           Hex            48%        N/A       1%          3
 Cause Fear               Hex            24%        N/A       1%          4
 Corpse Rot               Necr/Pois/Air  80%        N/A       1%          4
 Flame Wave               Conj/Fire      75%        2d17      1%          4
 Fulminant Prism          Conj/Hex       31%        3d16      1%          4
 Hailstorm                Conj/Ice       70%        3d15      1%          4
 Ice Form                 Ice/Tmut       78%        N/A       1%          4
 Leda's Liquefaction      Hex/Erth       35%        N/A       1%          4
 Sticky Flame             Conj/Fire      75%        2d9       1%          4
 Summon Ice Beast         Ice/Summ       48%        N/A       1%          4
 Alistair's Intoxication  Tmut/Pois      43%        N/A       1%          5
 Fireball                 Conj/Fire      37%        3d15      1%          5
 Freezing Cloud           Conj/Ice/Air   29%        6-21      1%          5
 Iskenderun's Battlesphe  Conj           75%        2d12      1%          5
 Lee's Rapid Deconstruct  Erth           44%        3d22*     1%          5
 Metabolic Englaciation   Hex/Ice        28%        N/A       1%          5
 Yara's Violent Unravell  Hex/Tmut       36%        3d15      1%          5
 Simulacrum               Ice/Necr       54%        N/A       1%          6
 Starburst                Conj/Fire      37%        6d11      1%          6
 Statue Form              Tmut/Erth      59%        N/A       1%          6
 Borgnjor's Revivificati  Necr           63%        N/A       1%          8
 Death's Door             Necr           63%        N/A       1%          9
 Call Canine Familiar     Summ           23%        N/A       3%          3
 Swiftness                Air            23%        N/A       3%          3
 Orb of Destruction       Conj           37%        9d11      3%          7
 Haunt                    Necr/Summ      47%        N/A       4%          7
 Manifold Assault         Tloc           43%        N/A       6%          5
 Conjure Ball Lightning   Conj/Air       27%        3x3d8     11%         6
 Olgreb's Toxic Radiance  Pois           23%        N/A       12%         4
 Summon Lightning Spire   Summ/Air       23%        N/A       12%         4
 Silence                  Hex/Air        18%        N/A       12%         5
 Summon Mana Viper        Hex/Summ       36%        N/A       12%         5
 Summon Forest            Summ/Tloc      16%        N/A       14%         5
 Ozocubu's Refrigeration  Ice            32%        4d14      16%         7
 Storm Form               Tmut/Air       32%        N/A       16%         7
 Ignition                 Fire           37%        3d11      28%         8
 Dispersal                Tloc           21%        N/A       32%         6
 Spellforged Servitor     Conj/Summ      27%        N/A       47%         7
 Enfeeble                 Hex            24%        N/A       75%         7
 Summon Cactus Giant      Summ           11%        N/A       85%         6
 Malign Gateway           Summ/Tloc      16%        N/A       98%         7
 Fire Storm               Conj/Fire      37%        8d10      98%         9
 Monstrous Menagerie      Summ           11%        N/A       100%        7
 Discord                  Hex            24%        N/A       100%        8
 Maxwell's Capacitive Co  Air            11%        ∞         100%        8


Dungeon Overview and Level Annotations

Branches:
Dungeon (15/15)            Temple (1/1) D:5            Lair (5/5) D:8
  Swamp (4/4) Lair:3       Spider (4/4) Lair:3        Slime (5/5) Lair:5
    Orc (2/2) D:12            Elf (3/3) Orc:2        Vaults (5/5) D:14
  Crypt (3/3) Vaults:2       Tomb (2/3) Crypt:3      Depths (4/4) D:15
   Hell (visited)             Dis (0/7) Hell            Geh (0/7) Hell
    Coc (4/7) Hell            Tar (0/7) Hell            Zot (5/5) Depths:4
Ossuary (visited)         Desolation (visited)

Altars:
Ashenzari
Cheibriados
Dithmenos
Elyvilon
Fedhas
Gozag
Hepliaklqana
Kikubaaqudgha
Makhleb
Nemelex Xobeh
Okawaru
Qazlal
Ru
Sif Muna
Trog
Uskayaw
Vehumet
Wu Jian
Xom
Yredelemnul
Zin
The Shining One
Jiyva
Lugonu

Shops:
D:3 [   D:9 *   D:10 (   D:12 *!*:   Orc:1 [   Orc:2 !(=((?:   Vaults:3 :
Vaults:4 !   Depths:1 :

Portals:
Hell: Depths:1 Depths:2 Depths:3 Depths:4
Abyss: Swamp:3 Depths:2 Depths:3
Pandemonium: Depths:1 Depths:2 Depths:3
Ziggurat: Depths:2

Annotations:
D:2 Natasha
D:5 exclusion: statue


Innate Abilities, Weirdness & Mutations

You are an undead lich.
Your unarmed attacks are suffused with negative energy.
You are immune to unholy pain and torment.
Your necromantic spells are more powerful.
You cannot drink.
You are immune to poison.
You have a pair of small antennae on your head.
You are clumsy. (Dex -2)
You are frail. (-10% HP)
You are highly strong-willed. (Will++)
You are weak. (Str -2)
You passively dampen the noise of your surroundings.


Message History

The floor.
As you read the scroll of teleportation, it crumbles to dust.
You feel strangely unstable.
You feel stable enough to blink again.
The death scarab disappears in a puff of smoke!
The death scarab misses you. You block the death scarab's attack.
The death scarab bites you but does no damage.
The death scarab bites your iron giant zombie but does no damage.
The death scarab bites you but does no damage.
The death scarab bites your spectral iron giant.
You block the death scarab's attack.
Your death scarab zombie bites the shadow wraith!!
The death scarab bites your titan zombie!!
The death scarab bites your iron giant zombie!!
The death scarab drains your iron giant zombie's vigour!
Your iron giant zombie seems to slow down.
The caustic shrike simulacrum claws your iron giant zombie!
Your iron giant zombie is destroyed!
You block the death scarab's attack.
The ancient champion gestures at you while chanting.
The iron shot hits the death scarab!!
The flying skull hits your death scarab zombie!
The emperor scorpion stings your spectral ironbound preserver!!
The emperor scorpion claws your spectral ironbound preserver!
The emperor scorpion claws your spectral ironbound preserver.
Your spectral ironbound preserver is destroyed!
The death scarab bites your death scarab zombie!!
Your death scarab zombie is destroyed!
The emperor scorpion barely misses you.
You block the emperor scorpion's attack.
The emperor scorpion closely misses you.
Your spectral iron giant hits the royal mummy!!!
The shadow wraith hits your juggernaut zombie!!
The royal mummy hits your spectral iron giant!
You block the death scarab's attack.
The ancient champion closely misses you.
The royal mummy gestures wildly while chanting.
The skeletal warrior hits you with a +0 flail!
You die...
Kikubaaqudgha rasps: "You have failed me!
Welcome... oblivion!"

#........#.§§#§§.......#
#..§.....§§§§§§§.......#
#^.........MM§M§.......#
#..M.....†.ZB§M§§§§.s.s#
#..M.......M.ZszZ§§....#
#..........BBZ§BZ......#
#.^.......zBzWZ.Z......#
#.......^BzBBBMZMB.§...#
#.Z.....MBzLM.3z.......#
#.§§.....BsBBBs§.......#
#........MssBB.........#
#....Z.s..sB.Z.........#
+......sM#...#..†......#
#..Z.......).........[.#
#$^................)...#
#..................
#.^####...... .)


You could see 3 royal mummies, 8 emperor scorpions, 2 ancient champions, a mummy
priest (unable to see you), 2 skeletal warriors, a soul eater (summoned), a
shadow wraith (summoned, invisible, distracted), 3 guardian mummies, 18 death
scarabs, 2 flying skulls, 3 mummies, a caustic shrike simulacrum (summoned,
unable to see you), a four-headed hydra zombie (unable to see you), a nagaraja
zombie (unable to see you), a titan zombie (summoned, unable to see you), a
friendly spectral spriggan berserker (slow), a friendly spectral iron giant, a
friendly spectral juggernaut (slow), a friendly titan zombie (slow), a friendly
ironbound preserver zombie and a friendly juggernaut zombie (slow).

Vanquished Creatures
  9 orbs of fire
  5 dread liches
  Josephina (Crypt:3)
  A royal mummy (Tomb:2)
  3 shard shrikes
  A Killer Klown (Zot:5)
  A curse toe (Zot:2)
  10 golden dragons
  A doom hound (Crypt:3)
  A Tzitzimitl (Crypt:3)
  4 electric golems
  Zenata (Crypt:2)
  A Hell Sentinel (Pan)
  11 tentacled monstrosities
  An Ice Fiend (Coc:3)
  A tainted leviathan (Hell)
  2 liches
  6 Orb Guardians (Zot:5)
  A searing wretch (Hell)
  4 titans
  A deep elf master archer (Elf:3)
  Murray (Hell)
  6 quicksilver dragons
  7 death cobs
  A deep elf blademaster (Elf:3)
  4 acid blobs
  A tentacled starspawn (Abyss:4)
  An ancient champion (Crypt:1)
  The ghost of Ubraesch the Brawler, an adept TrMo of Nemelex Xobeh (Depths:1)
  8 shadow dragons
  6 sphinxes
  3 tengu reavers
  13 storm dragons
  Donald (Vaults:1)
  2 azure jellies (Slime:1)
  6 draconian monks
  A revenant (Crypt:2)
  7 fire giants
  3 draconian knights
  2 rockslimes
  5 deep elf sorcerers
  An imperial myrmidon (Desolation)
  4 vault wardens
  3 orc warlords
  Louise (Depths:2)
  2 ghost moths
  A balrug (Hell)
  7 draconian scorchers
  4 cacodemons (Pan)
  Aizul (Swamp:1)
  A curse skull (Crypt:3)
  4 frost giants
  7 draconian shifters
  7 draconian annihilators
  A deep elf elementalist (Elf:3)
  10 ironbound preservers
  2 draconian stormcallers
  An ironbound thunderhulk (Vaults:2)
  3 reapers
  11 very ugly things
  A spriggan defender (Depths:2)
  2 war gargoyles
  11 stone giants
  2 quicksilver oozes
  8 green draconians
  7 deep elf demonologists
  9 deep elf annihilators
  A demonspawn blood saint (Pan)
  A vampire knight (Depths:2)
  7 black draconians
  A lorocyproca (Abyss:4)
  3 putrid mouths
  3 spark wasps
  2 eleionomae
  2 halazid warlocks (Desolation)
  4 dire elephants
  9 yellow draconians
  8 white draconians
  A bunyip (Swamp:3)
  13 red draconians
  3 entropy weavers
  9 purple draconians
  A wendigo (Coc:3)
  2 crystal guardians
  4 blizzard demons
  An eidolon (Crypt:3)
  3 deep elf death magi
  A jiangshi (Crypt:1)
  7 ettins
  A shambling mangrove (Swamp:1)
  4 fire dragons
  A mummy priest (Tomb:1)
  9 yaktaur captains
  6 deep elf high priests
  2 caustic shrike simulacra
  5 ice dragons
  A spriggan zombie (Hell)
  A rakshasa (Depths:1)
  2 vault guards (Vaults:5)
  3 great orbs of eyes
  3 ragged hierophants (Desolation)
  An elf skeleton (Crypt:1)
  3 salamander tyrants (Depths:3)
  A peacekeeper (Desolation)
  2 spriggan air magi (Depths:4)
  3 boulder beetles
  3 ogre magi
  2 hell beasts
  2 centaur warriors
  A juggernaut simulacrum (Coc:1)
  8 hydras
  5 ironbound frosthearts
  11 dancing weapons
  3 deep troll shamans
  An alligator (Swamp:4)
  A ghost crab (Swamp:4)
  4 vampire magi
  A death scarab (Tomb:2)
  7 deep troll earth magi
  A tengu warrior (D:8)
  2 orc high priests (Pan)
  A hell hog (Hell)
  A spriggan berserker (Depths:2)
  7 deep elf knights
  2 sun demons
  4 soul eaters
  3 hell knights
  A pharaoh ant (Spider:3)
  9 skeletal warriors
  A goliath frog (Swamp:1)
  7 iron trolls
  A fire crab (shapeshifter) (Depths:2)
  4 wretched stars
  5 orb spiders
  2 shadow wraiths
  A sixfirhy (Depths:1)
  A storm dragon skeleton (Crypt:3)
  A steelbarb worm (Spider:1)
  39 deep trolls
  A glowing orange brain (Depths:3)
  7 ironbound convokers
  7 flayed ghosts
  A quicksilver dragon simulacrum (Coc:4)
  7 deep elf archers
  A bunyip skeleton (Hell)
  A spriggan simulacrum (Coc:3)
  2 spriggan druids
  A shadow demon (Pan)
  4 wizards
  A spriggan rider (Lair:3)
  A death drake (Zot:1)
  7 orc knights
  2 bog bodies
  A swamp dragon (Zot:1)
  Pikel (D:7)
  An orange crystal statue (Elf:2)
  4 necromancers
  2 wolf spiders (Spider:4)
  17 deep elf zephyrmancers
  7 phantasmal warriors (Crypt:3)
  4 shining eyes
  7 lindwurms
  An orc sorcerer (Pan)
  14 deep elf pyromancers
  A mana viper (shapeshifter) (Vaults:5)
  10 ugly things
  A shining eye (shapeshifter) (Vaults:5)
  22 slime creatures
  3 cyclopes
  2 elephants
  A manticore (D:14)
  Joseph (D:7)
  3 fire giant skeletons (Crypt:3)
  24 moths of wrath
  13 vault sentinels
  An apocalypse crab (Abyss:4)
  6 black mambas
  A molten gargoyle (Lair:5)
  A storm dragon simulacrum (Coc:1)
  A titan simulacrum (Coc:3)
  An orange demon (Hell)
  A gargoyle (D:13)
  2 water nymphs (Depths:3)
  5 cane toads
  5 kobold demonologists
  Maggie (D:8)
  4 komodo dragons
  An efreet (Pan)
  2 freezing wraiths
  7 yaktaurs
  A bunyip simulacrum (Coc:2)
  2 tengu conjurers
  4 rime drakes
  A guardian mummy (Crypt:3)
  2 tormentors
  2 hellwings
  A dryad (Depths:3)
  A meliai (Spider:3)
  A sea snake skeleton (Crypt:1)
  3 human skeletons (Vaults:2)
  A bloated husk (Swamp:2)
  A shadow dragon simulacrum (Coc:1)
  5 trolls
  A raiju (shapeshifter) (Elf:1)
  3 saltlings (Desolation)
  3 tarantellas
  2 hornets
  3 tyrant leeches (Swamp:1)
  2 polar bears
  A tengu simulacrum (Crypt:3)
  5 dream sheep
  A harpy skeleton (Crypt:3)
  A hydra skeleton (Abyss:3)
  2 blink frogs (Lair:1)
  3 stone giant simulacra
  4 shadows (Crypt:3)
  A culicivora (shapeshifter) (D:8)
  6 flying skulls
  6 ynoxinuls
  2 fire dragon skeletons (Crypt:3)
  6 wyverns
  5 spriggans
  5 culicivoras
  8 jumping spiders
  4 wraiths
  A dire elephant simulacrum (Coc:2)
  4 water elementals
  10 yaks
  An alligator snapping turtle simulacrum (Coc:3)
  6 ushabtiu
  6 basilisks
  A hog (Swamp:1)
  3 vampire mosquitoes
  A wind drake skeleton (Crypt:2)
  A neqoxec (Abyss:4)
  7 redbacks
  2 steam dragons
  A swamp worm simulacrum (Swamp:4)
  Menkaure (D:5)
  A catoblepas simulacrum (Hell)
  2 wargs (Vaults:1)
  4 harpy simulacra
  9 water moccasins
  4 swamp worms
  2 acid dragons
  A small abomination (Abyss:4)
  2 hydra simulacra
  Duvessa (D:7)
  A swamp drake (Swamp:2)
  A sky beast (D:6)
  A glowing shapeshifter skeleton (Vaults:2)
  6 orc warriors
  2 black bears
  7 starcursed masses (Abyss:4)
  14 wolves
  5 boggarts
  A manticore skeleton (Crypt:2)
  2 ettin simulacra
  3 ogres
  8 centaurs
  2 phantoms
  3 elf zombies
  A kobold brigand (D:8)
  2 earth elementals
  7 bullfrogs
  A scorpion (D:6)
  A gnoll sergeant (D:7)
  2 naga simulacra
  A necrophage (D:7)
  10 wights
  Dowan (D:7)
  An electric eel (Elf:3)
  A howler monkey (D:13)
  2 lava snakes
  5 human zombies (Ossuary)
  5 centaur zombies (Ossuary)
  A jelly (D:6)
  6 orc priests
  2 centaur skeletons
  A gnoll bouda (D:8)
  4 hounds
  An iguana (D:7)
  Terence (D:2)
  13 orc wizards
  16 hell rats
  11 mummies
  Robin (D:2)
  18 gnolls
  12 adders
  5 river rats (D:7)
  A white imp (Abyss:3)
  An orc zombie (D:8)
  A worm (D:4)
  A dart slug (D:4)
  39 orcs
  9 ball pythons
  10 endoplasms
  2 giant cockroaches
  17 goblins
  7 hobgoblins
  4 jackals
  10 quokkas
  5 bats
  3 frilled lizards
  18 kobolds
  A kobold zombie (Crypt:1)
  18 rats
  3 fire vortices (Hell)
1262 creatures vanquished.

Vanquished Creatures (collateral kills)
  the Royal Jelly (Slime:5)
  3 dread liches
  Mara (Vaults:5)
  2 orbs of fire (Zot:5)
  A pandemonium lord (Pan)
  A juggernaut (Depths:2)
  A royal mummy (Tomb:1)
  Frederick (Vaults:2)
  2 Killer Klowns (Zot:5)
  Boris (Crypt:2)
  3 shard shrikes
  A curse toe (Zot:4)
  Saint Roka (Vaults:1)
  2 caustic shrikes
  Geryon (Hell)
  A bone dragon (Crypt:3)
  6 golden dragons
  A doom hound (Crypt:3)
  2 electric golems (Zot:5)
  10 tentacled monstrosities
  2 Ice Fiends (Coc:3)
  A walking crystal tome (Depths:2)
  3 liches
  19 Orb Guardians (Zot:5)
  A searing wretch (Hell)
  A titan (Vaults:5)
  2 deep elf blademasters (Elf:3)
  12 acid blobs
  Grunn (Crypt:3)
  2 quicksilver dragons
  6 sphinxes
  4 ancient champions (Crypt:2)
  4 tentacled starspawn (Abyss:4)
  7 death cobs
  8 storm dragons
  Kirke (Swamp:1)
  7 shadow dragons
  2 revenants
  Gastronok (Lair:1)
  A nagaraja (Abyss:4)
  2 tengu reavers
  Roxanne (Swamp:2)
  5 fenstrider witches
  8 draconian monks
  8 azure jellies
  A fire giant (Depths:3)
  3 narguns
  3 iron dragons
  14 vault wardens
  2 draconian knights
  4 rockslimes
  2 deep elf sorcerers
  An orc warlord (Vaults:4)
  6 draconian scorchers
  10 frost giants
  A shard shrike simulacrum (Coc:3)
  5 ghouls
  4 imperial myrmidons (Desolation)
  A curse skull (Crypt:2)
  4 emperor scorpions (Spider:4)
  4 deep elf elementalists (Elf:3)
  2 draconian stormcallers
  10 cacodemons
  7 ghost moths
  4 quicksilver oozes
  2 draconian shifters
  2 broodmothers
  15 ironbound preservers
  2 demonspawn corrupters (Pan)
  12 very ugly things
  A juggernaut skeleton (Crypt:3)
  8 stone giants
  7 war gargoyles
  8 draconian annihilators
  3 ironbound thunderhulks
  3 reapers
  2 vampire knights
  15 green draconians
  9 starcursed masses
  11 black draconians
  5 yellow draconians
  A lorocyproca (Hell)
  An elemental wellspring (Coc:3)
  A demonspawn black sun (Abyss:4)
  6 eleionomae
  2 putrid mouths (Hell)
  3 bunyips
  A deep elf demonologist (Elf:3)
  A spark wasp (Spider:4)
  5 deep elf annihilators
  13 red draconians
  7 dire elephants
  8 purple draconians
  9 white draconians
  2 eidola (Crypt:2)
  2 wendigos
  6 deep elf death magi
  4 blizzard demons (Pan)
  9 yaktaur captains
  6 ettins
  A crystal guardian (Desolation)
  The ghost of Wombat the Nimble, a journeyman FoFi of Qazlal (D:10)
  8 mummy priests
  A merfolk impaler (Depths:1)
  3 fire dragons
  4 great orbs of eyes
  A quicksilver dragon zombie (Zot:5)
  8 ragged hierophants (Desolation)
  3 jiangshi (Crypt:1)
  6 ice dragons
  An ice dragon (shapeshifter) (Vaults:5)
  3 deep elf high priests
  2 caustic shrike simulacra
  4 ghost crabs
  21 vault guards
  2 spriggan zombies
  3 ogre magi
  4 rakshasas
  6 hydras
  4 servants of whispers (Desolation)
  The ghost of jonnos the Fighter, a novice MiFi of the Shining One (D:8)
  2 juggernaut simulacra (Coc:3)
  2 boulder beetles
  Erolcha (Orc:2)
  7 peacekeepers
  A spriggan skeleton (Tomb:1)
  A stoker (Hell)
  5 ironbound frosthearts
  A merfolk avatar (Swamp:1)
  5 jorogumos
  2 radroaches
  A merfolk aquamancer (Depths:3)
  A naga warrior (Crypt:2)
  A death knight (Crypt:1)
  An anaconda (Crypt:2)
  8 centaur warriors
  14 dancing weapons
  7 deep troll shamans
  An orc high priest (Elf:3)
  3 alligators (Swamp:3)
  2 hell hogs (Hell)
  3 thrashing horrors
  7 death scarabs (Tomb:2)
  4 deep troll earth magi
  2 vampire magi (Crypt:1)
  3 tengu warriors
  11 deep elf knights
  9 soul eaters
  9 spriggan berserkers
  4 sun demons
  2 hell knights (Depths:3)
  A shock serpent (shapeshifter) (Vaults:2)
  8 iron trolls
  5 pharaoh ants
  3 steelbarb worms
  50 deep trolls
  2 spriggan druids
  5 flayed ghosts
  5 spriggan riders
  20 skeletal warriors
  A death drake (Depths:4)
  4 goliath frogs
  7 orb spiders
  A shadow demon (Pan)
  A glowing orange brain (shapeshifter) (Depths:1)
  3 spriggan simulacra (Coc:2)
  6 bog bodies
  3 swamp dragons
  An orange crystal statue (Depths:1)
  5 deep elf archers
  A glowing orange brain (D:15)
  5 necromancers
  12 phantasmal warriors
  A mana viper (Abyss:4)
  19 deep elf zephyrmancers
  An iron dragon zombie (Crypt:2)
  13 ironbound convokers
  5 harpies (Vaults:4)
  15 deep elf pyromancers
  A mana viper (shapeshifter) (Depths:4)
  9 lindwurms
  9 orc sorcerers
  12 wolf spiders
  An orc knight (Vaults:2)
  23 ugly things
  A manticore (D:14)
  4 will-o-the-wisps
  A tengu skeleton (Vaults:2)
  18 moths of wrath
  3 cyclopes
  A sphinx skeleton (Vaults:2)
  3 black mambas
  6 elephants
  A frost giant skeleton (Crypt:2)
  7 rust devils
  3 human skeletons (Vaults:2)
  An iron dragon skeleton (Crypt:1)
  3 fire giant skeletons
  A guardian serpent (shapeshifter) (D:15)
  3 orange demons
  2 titan simulacra
  14 vault sentinels
  4 gargoyles (Crypt:3)
  4 demonic crawlers
  A storm dragon simulacrum (Crypt:3)
  3 torpor snails
  A grey draconian zombie (Crypt:1)
  2 centaur skeletons
  An elf skeleton (Vaults:2)
  3 cane toads
  A naga skeleton (Hell)
  8 smoke demons
  A dryad (Depths:3)
  15 yaktaurs
  A yaktaur zombie (Vaults:1)
  5 komodo dragons
  5 freezing wraiths
  2 bunyip simulacra (Coc:1)
  A tormentor (Pan)
  2 anaconda simulacra
  2 yaktaur skeletons (Vaults:2)
  An ice devil (Hell)
  A tengu conjurer (Depths:2)
  A harpy zombie (Hell)
  2 ancient zymes
  4 hellwings
  3 bloated husks
  6 guardian mummies (Tomb:1)
  5 trolls
  4 tyrant leeches
  64 slime creatures
  2 harpy skeletons
  14 tarantellas
  A sphinx simulacrum (Vaults:1)
  41 saltlings (Desolation)
  7 blink frogs
  An ettin zombie (Crypt:1)
  17 hornets
  A stone giant simulacrum (Coc:3)
  6 dream sheep
  An ice dragon zombie (Crypt:1)
  An ettin skeleton (Vaults:2)
  13 jumping spiders
  16 flying skulls
  2 large abominations (Abyss:4)
  20 spriggans
  5 wraiths
  8 ynoxinuls
  17 culicivoras
  A shadow (Crypt:3)
  2 air elementals (Elf:1)
  9 fire dragon skeletons (Crypt:3)
  3 ushabtiu (Tomb:1)
  10 yaks
  2 wyverns
  A golden eye (shapeshifter) (Elf:3)
  3 water elementals
  4 fire elementals
  4 basilisks
  2 dire elephant simulacra
  A chaos spawn (Abyss:4)
  2 hogs (Swamp:1)
  4 swamp worm simulacra (Swamp:4)
  41 redbacks
  A neqoxec (Abyss:4)
  5 harpy simulacra
  5 vampire mosquitoes
  7 swamp worms
  A yaktaur simulacrum (Vaults:1)
  4 wargs (Orc:1)
  9 water moccasins
  16 hydra simulacra
  A faun zombie (Vaults:3)
  3 floating eyes
  A hell hound (Lair:5)
  A faun skeleton (Crypt:2)
  A merfolk skeleton (Crypt:1)
  A water moccasin (shapeshifter) (Vaults:5)
  15 orc warriors
  A swamp drake (Swamp:1)
  3 ettin simulacra
  A dream sheep zombie (Crypt:2)
  2 wolves
  7 ogres
  A shining eye zombie (Crypt:2)
  2 boggarts (Depths:4)
  4 centaurs
  A blink frog skeleton (Crypt:2)
  3 human zombies (Vaults:3)
  A draconian zombie (Crypt:1)
  A kobold brigand (D:8)
  5 bullfrogs
  3 earth elementals
  3 small abominations (Abyss:4)
  2 necrophages
  3 wights
  A shapeshifter skeleton (Crypt:1)
  2 electric eels (Elf:3)
  A centaur zombie (D:8)
  2 lava snakes (Lair:5)
  9 orc priests
  A gnoll bouda (D:8)
  An iron imp (Pan)
  An iguana (D:5)
  24 orc wizards
  14 hell rats
  A tengu zombie (Crypt:1)
  12 mummies
  A spectral howler monkey (D:8)
  A gnoll (D:8)
  A shadow imp (D:6)
  A white imp (D:8)
  An ufetubus (Abyss:3)
  3 swamp drake simulacra (Swamp:4)
  54 orcs
  A quokka (D:7)
  2 goblins (D:2)
  A kobold (D:8)
  An orc skeleton (Crypt:1)
  3 rats
  2 bushes (Lair:3)
  A creeping inferno (Hell)
  A fire vortex (Hell)
  2 lurking horrors
  13 pillars of salt (Vaults:1)
  3 starspawn tentacles (Abyss:4)
  2 withered plants (Crypt:3)
1660 creatures vanquished.

Vanquished Creatures (others)
  8 juggernauts
  2 shard shrikes
  8 caustic shrikes
  20 golden dragons
  A shard shrike zombie (Crypt:1)
  2 iron giants
  2 deep elf master archers (Elf:3)
  15 quicksilver dragons
  7 acid blobs
  10 titans
  2 sphinxes
  8 tengu reavers
  3 demonspawn warmongers
  15 shadow dragons
  An azure jelly (Slime:4)
  19 storm dragons
  12 fire giants
  2 draconian knights
  5 emperor scorpions
  4 rockslimes
  5 fenstrider witches
  3 draconian scorchers
  15 imperial myrmidons (Desolation)
  12 vault wardens
  8 frost giants
  2 juggernaut zombies
  7 iron dragons
  2 orc warlords
  2 deep elf sorcerers
  5 draconian stormcallers
  10 ghost moths
  A draconian shifter (Zot:3)
  18 spriggan defenders
  3 draconian annihilators
  5 caustic shrike zombies
  2 quicksilver oozes
  A very ugly thing (Depths:4)
  A war gargoyle (Vaults:1)
  22 ironbound preservers
  A demonspawn corrupter (Abyss:2)
  2 Killer Klown zombies (Zot:5)
  4 ironbound thunderhulks
  2 broodmothers
  11 stone giants
  5 rockslime zombies
  10 black draconians
  An entropy weaver (Vaults:4)
  7 green draconians
  7 dire elephants
  2 white draconians
  3 eleionomae
  5 red draconians
  10 purple draconians
  3 bunyips
  A halazid warlock (Desolation)
  A minotaur (Coc:2)
  10 spark wasps
  10 yellow draconians
  A deep elf death mage (Abyss:4)
  4 fire dragons
  3 very ugly thing zombies (Depths:4)
  A blizzard demon (Hell)
  5 acid blob zombies
  13 quicksilver dragon zombies
  2 great orbs of eyes
  A ragged hierophant (Desolation)
  4 deep elf high priests
  16 ettins
  7 yaktaur captains
  13 hydras
  9 vault guards
  4 boulder beetles
  A salamander tyrant (Coc:3)
  A fenstrider witch zombie (Swamp:4)
  A ghost crab (Swamp:3)
  5 ice dragons
  7 spriggan air magi
  An anaconda (shapeshifter) (Hell)
  3 ogre magi
  7 centaur warriors
  5 ironbound frosthearts
  3 jorogumos
  4 anacondas
  4 radroaches
  7 spriggan berserkers
  A naga warrior (Crypt:2)
  A tengu warrior (D:13)
  3 death scarabs (Tomb:2)
  4 deep troll earth magi
  5 quicksilver ooze zombies
  3 deep troll shamans (Depths:4)
  2 azure jelly zombies
  Sonja (Lair:1)
  2 hell knights
  23 storm dragon zombies
  4 titan zombies
  18 deep elf knights
  16 golden dragon zombies
  An entropy weaver zombie (Vaults:3)
  A deep troll (shapeshifter) (Coc:2)
  A goliath frog (Swamp:1)
  An orb spider (Spider:1)
  8 ghost moth zombies
  A sea snake (shapeshifter) (Vaults:4)
  A death drake (Swamp:2)
  7 deep trolls
  2 spriggan druids
  2 spark wasp zombies
  2 iron giant zombies
  2 steelbarb worms (Spider:2)
  3 bunyip zombies
  4 lindwurms
  3 glowing orange brains
  13 shadow dragon zombies
  An anaconda zombie (Hell)
  A goliath frog zombie (Swamp:4)
  A bog body (Swamp:1)
  A lindwurm (shapeshifter) (Vaults:2)
  9 ironbound convokers
  A wizard (Vaults:1)
  16 deep elf archers
  6 orc knights
  40 deep elf zephyrmancers
  10 harpies
  3 necromancers
  2 wolf spiders (shapeshifter)
  2 ugly thing zombies (Depths:4)
  4 wolf spider zombies
  11 stone giant zombies
  23 deep elf pyromancers
  A mana viper (shapeshifter) (Depths:4)
  A sphinx zombie (Vaults:2)
  5 fire giant zombies
  9 shining eyes
  2 cyclopes
  A manticore (D:15)
  4 frost giant zombies
  4 orc sorcerers
  9 death scarab zombies (Tomb:2)
  14 draconian zombies
  A shining eye (shapeshifter) (Depths:4)
  A faun (shapeshifter) (Vaults:3)
  4 ugly things
  42 moths of wrath
  12 vault sentinels
  A demonspawn zombie (Abyss:4)
  A dire elephant zombie (Coc:4)
  2 elephants (Lair:5)
  6 black mambas
  A gargoyle (D:14)
  A molten gargoyle (Lair:5)
  8 green draconian zombies
  A titan simulacrum (Coc:2)
  4 purple draconian zombies (Zot:3)
  5 red draconian zombies
  4 eyes of devastation
  A torpor snail (Lair:2)
  6 komodo dragons
  10 yellow draconian zombies
  3 cane toads
  12 black draconian zombies
  6 white draconian zombies
  6 redback zombies
  3 freezing wraiths
  7 yaktaurs
  A tengu conjurer (D:7)
  8 harpy zombies
  A guardian mummy (Tomb:1)
  3 meliai (Spider:3)
  A death drake zombie (Swamp:2)
  A mana viper zombie (Vaults:5)
  A polar bear (shapeshifter) (D:14)
  3 trolls
  5 hydra zombies
  A tarantella (Spider:2)
  2 tyrant leeches
  51 moth of wrath zombies
  6 hornets
  5 blink frogs
  19 slime creatures
  A raiju (Pan)
  A tarantella zombie (Spider:3)
  A jumping spider zombie (Spider:3)
  2 boulder beetle zombies
  3 ice dragon zombies
  2 alligator zombies
  4 meliai zombies (Spider:3)
  9 ettin zombies
  2 culicivora zombies (Spider:4)
  2 fire dragon zombies (Depths:4)
  A snapping turtle (shapeshifter) (D:8)
  3 culicivoras
  A centaur simulacrum (Coc:2)
  2 black mamba zombies
  A wraith (D:14)
  4 spriggans
  A vampire (D:11)
  A shadow (D:10)
  31 slime creature zombies
  4 jumping spiders
  A hog (shapeshifter) (D:7)
  2 basilisks
  2 tyrant leech zombies (Swamp:1)
  19 spriggan zombies
  5 redbacks
  A golden eye (Slime:1)
  A steam dragon (Lair:5)
  4 yaks
  4 vampire mosquitoes
  2 wargs
  2 swamp worms
  An acid dragon (D:13)
  11 deep troll zombies
  A cane toad zombie (Lair:3)
  2 hell hounds (Lair:5)
  A water moccasin (Lair:3)
  A black bear (shapeshifter) (Elf:1)
  A ghost crab zombie (Swamp:4)
  14 orc warriors
  3 black bears
  3 hornet zombies
  9 ogres
  A boggart (Lair:3)
  2 dream sheep zombies
  4 hog zombies
  6 lindwurm zombies
  5 wolves
  3 centaurs (D:13)
  2 manticore zombies
  5 blink frog zombies
  2 vampire mosquito zombies
  2 komodo dragon zombies
  An apocalypse crab zombie (Abyss:4)
  11 yaktaur zombies
  A kobold brigand (D:10)
  61 human zombies
  A bullfrog (D:10)
  3 hell hound zombies (Lair:5)
  A scorpion (D:10)
  4 wyvern zombies
  A cyclops zombie (D:8)
  A water moccasin zombie (D:6)
  2 warg zombies (Orc:1)
  2 wights
  A raiju zombie (Pan)
  A polar bear zombie (Lair:5)
  2 troll zombies
  9 yak zombies
  8 tengu zombies
  An electric eel (Spider:1)
  3 wolf zombies
  3 bullfrog zombies
  7 centaur zombies
  A black bear zombie (Elf:1)
  11 kobold zombies
  3 lava snakes
  2 gnoll boudas
  3 orc priests
  5 basilisk zombies
  2 hell rats
  8 ogre zombies
  A hell rat zombie (D:7)
  A swamp drake zombie (Swamp:1)
  79 elf zombies
  4 lava snake zombies (Lair:5)
  15 orcs
  2 endoplasms
  A goblin (D:8)
  A river rat zombie (D:7)
  6 gnoll zombies
  2 hobgoblin zombies (D:3)
  60 orc zombies
  A quokka zombie (D:7)
  3 rat zombies (D:7)
  A bush (Lair:3)
  2 fire vortices (Hell)
  17 foxfires
  48 fungi
  A pillar of salt (Vaults:1)
  87 plants
  7 starspawn tentacles (Abyss:4)
  13 withered plants (Crypt:3)
1778 creatures vanquished.

Grand Total: 4700 creatures vanquished

Notes
Turn   | Place    | Note
-------+----------+-------------------------------------------
     0 | D:1      | Lichfox the Human Necromancer began the quest for the Orb.
     0 | D:1      | Reached XP level 1. HP: 13/13 MP: 3/3
   156 | D:1      | Reached XP level 2. HP: 19/19 MP: 0/5
   263 | D:1      | Found a faded altar of an unknown god.
   644 | D:1      | Reached XP level 3. HP: 24/24 MP: 4/6
  1027 | D:2      | Reached skill level 1 in Armour
  1216 | D:2      | Reached XP level 4. HP: 30/30 MP: 2/7
  1412 | D:2      | Noticed Natasha
  1433 | D:2      | Reached skill level 5 in Necromancy
  1823 | D:2      | Found a basalt altar of Yredelemnul.
  1913 | D:2      | Noticed Robin
  1933 | D:2      | Reached XP level 5. HP: 31/35 MP: 5/9
  1939 | D:2      | Killed Robin
  1963 | D:2      | Noticed Terence
  2315 | D:2      | Learned a level 4 spell: Animate Dead
  2318 | D:2      | Learned a level 2 spell: Blink
  2378 | D:2      | Killed Terence
  3146 | D:3      | Reached XP level 6. HP: 26/41 MP: 0/10
  3407 | D:3      | Reached skill level 1 in Translocations
  3862 | D:3      | Found Nysyomy's Antique Armour Shop.
  4397 | D:4      | Found a sand-covered staircase.
  4415 | Ossuary  | Entered an ossuary
  4559 | Ossuary  | Reached XP level 7. HP: 39/46 MP: 11/11
  4572 | Ossuary  | Reached skill level 6 in Necromancy
  5217 | Ossuary  | Reached XP level 8. HP: 37/52 MP: 9/13
  5462 | D:4      | Reached skill level 7 in Necromancy
  5780 | D:4      | Gained mutation: You passively dampen the noise of your
                  | surroundings. [potion of mutation]
  5780 | D:4      | Gained mutation: You are strong-willed. (Will+) [potion of
                  | mutation]
  5780 | D:4      | Gained mutation: You are weak. (Str -2) [potion of
                  | mutation]
  5780 | D:4      | Gained mutation: You are highly strong-willed. (Will++)
                  | [potion of mutation]
  5810 | D:5      | Entered Level 5 of the Dungeon
  5895 | D:5      | Found a staircase to the Ecumenical Temple.
  5910 | Temple   | Entered the Ecumenical Temple
  6005 | Temple   | Became a worshipper of Kikubaaqudgha
  6290 | D:5      | Learned a level 3 spell: Vampiric Draining
  6576 | D:5      | Found a radiant altar of Vehumet.
  7104 | D:5      | Noticed Menkaure
  7116 | D:5      | Killed Menkaure
  7117 | D:5      | Reached skill level 8 in Necromancy
  7383 | D:5      | Found a glowing golden altar of the Shining One.
  7706 | D:6      | Got the Treatise on Darkness
  7742 | D:6      | Reached XP level 9. HP: 34/57 MP: 12/16
  7746 | D:6      | Reached skill level 1 in Shields
  7850 | D:6      | Reached skill level 5 in Spellcasting
  8379 | D:7      | Noticed Duvessa
  8379 | D:7      | Noticed Dowan
  8470 | D:7      | Killed Duvessa
  8471 | D:7      | Reached skill level 9 in Necromancy
  8589 | D:7      | Killed Dowan
  8876 | D:7      | Reached * piety under Kikubaaqudgha
  8876 | D:7      | Received a gift from Kikubaaqudgha
  8886 | D:7      | Your ally Dowan died
  9121 | D:7      | Reached skill level 10 in Necromancy
  9487 | D:7      | Reached XP level 10. HP: 61/63 MP: 12/17
  9533 | D:7      | Noticed Pikel
  9631 | D:7      | Killed Pikel
  9632 | D:7      | Reached skill level 11 in Necromancy
  9711 | D:7      | Learned a level 4 spell: Anguish
  9723 | D:7      | Noticed Joseph
  9769 | D:7      | Your ally Pikel died
  9776 | D:7      | Killed Joseph
 10262 | D:8      | Noticed a kobold demonologist
 10289 | D:8      | Noticed a centaur warrior
 10351 | D:8      | Reached skill level 12 in Necromancy
 10357 | D:8      | Reached ** piety under Kikubaaqudgha
 10375 | D:8      | Noticed jonnos's ghost (novice MiFi)
 10376 | D:8      | Found a runed translucent gate.
 10376 | D:8      | Found a runed translucent gate.
 10376 | D:8      | Found a runed translucent gate.
 10580 | D:8      | Noticed an ice devil
 10597 | D:8      | Killed a kobold demonologist
 10637 | D:8      | Killed a centaur warrior
 10638 | D:8      | Reached skill level 13 in Necromancy
 10638 | D:8      | Reached XP level 11. HP: 30/68 MP: 3/18
 10944 | D:8      | Noticed a tengu warrior
 10955 | D:8      | Killed a tengu warrior
 10956 | D:8      | Reached skill level 14 in Necromancy
 10971 | D:8      | Noticed a centaur warrior
 11066 | D:8      | Killed a centaur warrior
 11197 | D:8      | Noticed Maggie
 11209 | D:8      | Reached *** piety under Kikubaaqudgha
 11209 | D:8      | Received a gift from Kikubaaqudgha
 11212 | D:8      | Killed Maggie
 11785 | D:8      | Found a sparkling altar of Nemelex Xobeh.
 11828 | D:8      | Reached skill level 15 in Necromancy
 12299 | D:8      | Found a staircase to the Lair.
 12647 | D:8      | Learned a level 5 spell: Borgnjor's Vile Clutch
 12681 | D:9      | Found Piob's General Store.
 12701 | D:9      | Reached skill level 1 in Earth Magic
 12724 | D:9      | Found a sacrificial altar of Ru.
 12846 | D:9      | Found a shimmering blue altar of Sif Muna.
 13069 | D:9      | Reached XP level 12. HP: 52/74 MP: 14/21
 13246 | D:9      | Found a hide-covered altar of Uskayaw.
 13505 | D:9      | Bought a potion of curing for 39 gold pieces
 13505 | D:9      | Bought a potion of heal wounds for 65 gold pieces
 13505 | D:9      | Bought a potion of cancellation for 104 gold pieces
 13694 | Lair:1   | Entered Level 1 of the Lair of Beasts
 13779 | Lair:1   | Noticed Sonja
 13788 | Lair:1   | Killed Sonja
 14189 | Lair:1   | Your ally Sonja died
 14508 | Lair:1   | Reached **** piety under Kikubaaqudgha
 14576 | Lair:1   | Learned a level 6 spell: Death Channel
 14709 | Lair:1   | Noticed Gastronok
 14720 | Lair:1   | Killed Gastronok
 14721 | Lair:1   | Reached skill level 5 in Earth Magic
 14838 | Lair:1   | Noticed a seven-headed hydra
 14854 | Lair:1   | Killed a seven-headed hydra
 15029 | Lair:1   | Reached skill level 1 in Hexes
 15315 | Lair:2   | Reached skill level 16 in Necromancy
 16040 | Lair:3   | Noticed a four-headed hydra
 16047 | Lair:3   | Reached XP level 13. HP: 54/79 MP: 3/25
 16047 | Lair:3   | Killed a four-headed hydra
 16055 | Lair:3   | HP: 1/79 [black mamba (15)]
 16695 | Lair:3   | Found a staircase to the Swamp.
 16799 | Lair:3   | Reached ***** piety under Kikubaaqudgha
 17022 | Lair:3   | Reached skill level 5 in Hexes
 17023 | Lair:3   | Reached skill level 17 in Necromancy
 17310 | Lair:3   | Noticed a four-headed hydra
 17334 | Lair:3   | Killed a four-headed hydra
 17725 | Lair:3   | Found a hole to the Spider Nest.
 18039 | Lair:4   | Noticed a five-headed hydra
 18101 | Lair:4   | Reached XP level 14. HP: 30/85 MP: 12/26
 18570 | Lair:4   | Reached skill level 18 in Necromancy
 19304 | Lair:5   | Entered Level 5 of the Lair of Beasts
 19690 | Lair:5   | Found a viscous altar of Jiyva.
 19690 | Lair:5   | Found a staircase to the Slime Pits.
 19807 | Lair:5   | Found a large runed translucent door.
 19810 | Lair:5   | Reached ****** piety under Kikubaaqudgha
 19836 | Lair:5   | Found a large runed translucent door.
 19988 | Lair:5   | Reached skill level 19 in Necromancy
 20303 | Lair:5   | Reached skill level 10 in Earth Magic
 20303 | Lair:5   | Reached XP level 15. HP: 78/90 MP: 14/28
 20380 | Lair:5   | Identified a scroll of acquirement
 20997 | D:10     | Entered Level 10 of the Dungeon
 21069 | D:10     | Found Zoxkurchyrir's Weapon Boutique.
 21380 | D:10     | Found a runed translucent door.
 21382 | D:10     | Found a shimmering altar of Xom.
 21382 | D:10     | Noticed Wombat's ghost (journeyman FoFi)
 21415 | D:10     | Reached skill level 1 in Transmutations
 21528 | D:10     | Received a gift from Kikubaaqudgha
 22717 | D:8      | Killed jonnos's ghost
 23046 | D:3      | Bought a transparent ring mail for 162 gold pieces
 23046 | D:3      | Identified the +4 ring mail "Voxzik" {Will++ rCorr} (You
                  | bought it in a shop on level 3 of the Dungeon)
 23866 | D:12     | Found Majujiudd's Book Shop.
 23975 | D:12     | Found a staircase to the Orcish Mines.
 24222 | D:12     | Found an ornate altar of the Wu Jian Council.
 24466 | D:12     | Found Pairoc's Assorted Antiques.
 24546 | D:12     | Found Xeehywoa's Assorted Antiques.
 24665 | D:12     | Found Vyimeav's Distillery.
 24669 | D:12     | Bought a potion of heal wounds for 65 gold pieces
 24882 | D:12     | Identified the +9 great sword of Eternal Harmony {speed,
                  | *Slow rF+ Str+2 Stlth+}
 26148 | D:14     | Reached skill level 5 in Transmutations
 26197 | D:14     | Learned a level 8 spell: Infestation
 26630 | D:14     | Found a gate to the Vaults.
 26630 | D:14     | Noticed an ironbound preserver
 26641 | D:14     | Killed an ironbound preserver
 27045 | D:14     | Reached skill level 10 in Spellcasting
 27045 | D:14     | Reached skill level 20 in Necromancy
 27118 | D:14     | You fall into a shaft and drop 1 floor!
 27118 | D:15     | Entered Level 15 of the Dungeon
 27543 | D:14     | Found a sparkling altar of Nemelex Xobeh.
 28027 | D:15     | Reached XP level 16. HP: 76/96 MP: 1/30
 28104 | D:15     | Found a staircase to the Depths.
 28300 | D:15     | Found an opulent altar of Gozag.
 29033 | Orc:1    | Entered Level 1 of the Orcish Mines
 29105 | Orc:1    | Found Hetoj's Armour Emporium.
 29387 | Orc:2    | Entered Level 2 of the Orcish Mines
 29387 | Orc:2    | Found Nilav's Jewellery Boutique.
 29403 | Orc:2    | Found Cuceep's Distillery.
 29493 | Orc:2    | Bought a potion of magic for 112 gold pieces
 29588 | Orc:2    | Found Japtytra's Weapon Emporium.
 29637 | Orc:2    | Found a staircase to the Elven Halls.
 29688 | Orc:2    | Found Dyssetz's Antique Weapon Boutique.
 29708 | Orc:2    | Found an ancient bone altar of Kikubaaqudgha.
 29727 | Orc:2    | Noticed Erolcha
 29734 | Orc:2    | Killed Erolcha
 29750 | Orc:2    | Found a radiant altar of Vehumet.
 29779 | Orc:2    | Found Laumnot's Antique Weapon Shop.
 29790 | Orc:2    | Found Sin Ced's Magic Scroll Shop.
 29944 | Orc:2    | Found Satwoh's Book Shop.
 31129 | Orc:2    | Bought a scroll of amnesia for 60 gold pieces
 31129 | Orc:2    | Bought a scroll of torment for 142 gold pieces
 31440 | D:10     | Killed Wombat's ghost
 31838 | Swamp:1  | Entered Level 1 of the Swamp
 31904 | Swamp:1  | Noticed Kirke
 31913 | Swamp:1  | Killed Kirke
 32062 | Swamp:1  | Noticed Aizul
 32073 | Swamp:1  | Killed Aizul
 32074 | Swamp:1  | Reached skill level 21 in Necromancy
 32432 | Swamp:1  | Reached XP level 17. HP: 101/101 MP: 12/32
 32857 | Swamp:1  | Reached skill level 10 in Transmutations
 33569 | Swamp:2  | Noticed Roxanne
 33592 | Swamp:2  | Killed Roxanne
 34350 | Swamp:3  | Found a one-way gate to the infinite horrors of the Abyss.
 34351 | Swamp:3  | Found a corrupted altar of Lugonu.
 34717 | Swamp:3  | Reached skill level 22 in Necromancy
 35154 | Swamp:4  | Entered Level 4 of the Swamp
 35196 | Swamp:4  | Learned a level 8 spell: Necromutation
 36132 | Swamp:4  | Reached XP level 18. HP: 89/107 MP: 9/34
 36615 | Swamp:4  | Got a decaying rune of Zot
 36802 | D:8      | Acquired the ring of Hyse {Ice *Slow rElec rPois Int+4}
 36803 | D:8      | Acquired a staff of death
 37079 | Elf:1    | Entered Level 1 of the Elven Halls
 37165 | Elf:1    | Reached skill level 1 in Fighting
 37478 | Elf:1    | Got the Guidebook on Accomplices
 38051 | Elf:1    | Paralysed by an air elemental for 1 turns
 38072 | Elf:1    | Gained mutation: You have a pair of small antennae on your
                  | head. [mutagenic glow]
 38766 | Elf:1    | Reached skill level 23 in Necromancy
 39236 | Elf:1    | Gained mutation: You are clumsy. (Dex -2) [mutagenic glow]
 40259 | Elf:2    | Found a runed translucent gate.
 40260 | Elf:2    | Found a runed translucent gate.
 40260 | Elf:2    | Found a runed translucent gate.
 40337 | Elf:2    | Reached XP level 19. HP: 80/125 MP: 10/36
 40529 | Elf:2    | Reached skill level 5 in Fighting
 41919 | Elf:3    | Entered Level 3 of the Elven Halls
 42103 | Elf:3    | Found a shimmering blue altar of Sif Muna.
 42860 | Elf:3    | Reached skill level 24 in Necromancy
 42862 | Elf:3    | Noticed a deep elf blademaster
 42867 | Elf:3    | Killed a deep elf blademaster
 42870 | Elf:3    | Noticed a deep elf blademaster
 42873 | Elf:3    | Killed a deep elf blademaster
 42882 | Elf:3    | Noticed a deep elf blademaster
 42888 | Elf:3    | Identified the +10 spear of Reinforcement {venom, +Blink}
 42888 | Elf:3    | Killed a deep elf blademaster
 43196 | Elf:3    | Reached XP level 20. HP: 83/139 MP: 3/37
 43859 | Elf:3    | Identified the +7 ring mail "Oploaguh" {Stlth+}
 44779 | Elf:3    | Identified the +7 falchion of Okawaru's Castigation {speed,
                  | rN+ Str+5 Dex+3}
 44813 | Elf:3    | Identified the +7 chain mail "Aripn" {-Tele Rampage Str+8
                  | Stlth+}
 44885 | Elf:3    | Identified the +0 ice dragon scales "Taeclergh" {rF- rC++
                  | Str+2}
 44902 | Elf:3    | Learned a level 3 spell: Frozen Ramparts
 44955 | Elf:3    | Learned a level 3 spell: Gell's Gravitas
 45465 | Spider:1 | Entered Level 1 of the Spider Nest
 45486 | Spider:1 | Reached skill level 1 in Ice Magic
 46525 | Spider:2 | You are sucked into a shaft and drop 1 floor!
 48198 | Spider:2 | Gained mutation: You are frail. (-10% HP) [mutagenic glow]
 48819 | Spider:4 | Entered Level 4 of the Spider Nest
 48878 | Spider:4 | Identified the +2 great sword "Emereneu" {flame, rF- Str+6}
 48920 | Spider:4 | Reached skill level 5 in Ice Magic
 48975 | Spider:4 | Reached XP level 21. HP: 134/134 MP: 32/39
 49407 | Spider:4 | Identified the +0 ring mail "Taelamer" {Drain Regen+ Str+7
                  | Int-2 Dex+2}
 49408 | Spider:4 | Got a gossamer rune of Zot
 49422 | Spider:4 | Identified the +0 hat of the Ward {rF+++ Will+ MP+9 Dex-2}
 50399 | Vaults:1 | Entered Level 1 of the Vaults
 50430 | Vaults:1 | Found a crumbling gateway.
 50538 | Desolati | Entered the Desolation of Salt
 50826 | Desolati | Identified the +1 robe "Myifunta" {Str+4}
 50830 | Desolati | Identified the ring of Ehapho Daox {Fire Int+3}
 50842 | Desolati | Identified the ring "Yrosasio" {Fire Str+2}
 51042 | Desolati | Reached skill level 15 in Spellcasting
 51115 | Desolati | Identified the +1 scale mail of the Lily {*Slow rC+ Will+
                  | Dex+8}
 51129 | Desolati | Identified the +0 ring mail of Gocsuvif {rC+ rCorr Stlth-}
 51166 | Desolati | Reached skill level 10 in Fighting
 51175 | Desolati | Identified the ring of Woezaclim {Drain rF+ EV+4 Str+5
                  | Slay+3}
 51180 | Desolati | Got the Monograph on Altered Interference
 51190 | Desolati | Got the Octavo of Transmutation and Battle Magic
 51318 | Desolati | Got Huty Neab's Verses on the Amorphous Swarm
 51583 | Vaults:1 | Reached XP level 22. HP: 124/143 MP: 6/41
 51633 | Vaults:1 | Noticed Donald
 51640 | Vaults:1 | Killed Donald
 51725 | Vaults:1 | Noticed Saint Roka
 51735 | Vaults:1 | Killed Saint Roka
 52866 | Vaults:1 | Reached skill level 10 in Ice Magic
 54405 | Vaults:2 | Reached skill level 1 in Polearms
 54405 | Vaults:2 | Reached skill level 5 in Armour
 54406 | Vaults:2 | Reached skill level 25 in Necromancy
 54577 | Vaults:2 | Found a staircase to the Crypt.
 54704 | Vaults:2 | Reached skill level 15 in Transmutations
 54926 | Vaults:2 | Reached XP level 23. HP: 150/150 MP: 13/42
 55125 | Vaults:2 | Noticed Frederick
 55134 | Vaults:2 | Killed Frederick
 56345 | Vaults:3 | Found Dottaeplui's Book Emporium.
 57025 | Vaults:4 | Reached skill level 5 in Polearms
 57489 | Vaults:4 | Reached XP level 24. HP: 154/159 MP: 27/42
 57497 | Vaults:4 | Found Sosogun's Distillery.
 58463 | Vaults:5 | Entered Level 5 of the Vaults
 59154 | Vaults:5 | Identified the +9 flail of the Freezing Seer {distort, rF+
                  | Int+3}
 59545 | Vaults:5 | Got a silver rune of Zot
 59556 | Vaults:5 | Identified the +1 plate armour "Woimmoom" {rC+}
 59564 | Vaults:5 | Got the Quarto of Atheism
 59719 | Vaults:5 | Learned a level 6 spell: Iron Shot
 59783 | Vaults:5 | Reached skill level 15 in Earth Magic
 59809 | Vaults:5 | Noticed a golden dragon
 59822 | Vaults:5 | Killed a golden dragon
 59823 | Vaults:5 | Reached skill level 1 in Conjurations
 59829 | Vaults:5 | Identified the +6 troll leather armour "Luciowni" {Harm
                  | Drain Regen+ rCorr SInv}
 59832 | Vaults:5 | Noticed Mara
 59837 | Vaults:5 | Noticed Lichfox's illusion
 59850 | Vaults:5 | Killed Mara
 59946 | Vaults:5 | Reached XP level 25. HP: 136/167 MP: 22/43
 60623 | Vaults:3 | Bought a book of Touch for 598 gold pieces
 60628 | Vaults:3 | Learned a level 4 spell: Dispel Undead
 61177 | Crypt:1  | Entered Level 1 of the Crypt
 61662 | Crypt:1  | Found a basalt altar of Yredelemnul.
 61671 | Crypt:1  | Reached skill level 5 in Conjurations
 61809 | Crypt:1  | Reached skill level 1 in Evocations
 62395 | Crypt:2  | Noticed Boris
 62398 | Crypt:2  | Killed Boris
 62430 | Crypt:2  | Noticed Zenata
 62437 | Crypt:2  | Killed Zenata
 62492 | Crypt:2  | Reached skill level 26 in Necromancy
 62549 | Crypt:2  | Reached skill level 10 in Armour
 63242 | Crypt:3  | Entered Level 3 of the Crypt
 63591 | Crypt:3  | Got the Secrets of Death
 64136 | Crypt:3  | Found a staircase to the Tomb.
 64162 | Crypt:3  | Identified the +11 dagger "Moecum" {freeze, rElec rC- rCorr
                  | Int+5}
 64429 | Crypt:3  | Reached XP level 26. HP: 175/175 MP: 40/43
 64475 | Crypt:3  | Identified the ring of Hajon {Ice Will+ Str+3 Slay+3}
 64475 | Crypt:3  | Noticed Josephina
 64487 | Crypt:3  | Killed Josephina
 64707 | Crypt:3  | Found an ancient bone altar of Kikubaaqudgha.
 64709 | Crypt:3  | Noticed a dread lich
 64714 | Crypt:3  | Killed a dread lich
 64735 | Crypt:3  | Identified the ring "Teyteal" {+Blink rPois rN+ Str+5
                  | Int-3}
 64735 | Crypt:3  | Identified the ring "Oqabil" {rN+ Str+2}
 64735 | Crypt:3  | Identified the ring "Umiuf" {rN+ Str+4 Int+3}
 64766 | Crypt:3  | Noticed a dread lich
 64766 | Crypt:3  | Noticed Grunn
 64769 | Crypt:3  | Killed Grunn
 64771 | Crypt:3  | Killed a dread lich
 64962 | Crypt:3  | Noticed a dread lich
 64970 | Crypt:3  | Killed a dread lich
 65610 | D:3      | Bought a bloodstained kite shield for 171 gold pieces
 65610 | D:3      | Identified the +5 kite shield of the Modern Artisans {-Tele
                  | rPois rC++ Dex+8} (You bought it in a shop on level 3 of
                  | the Dungeon)
 66911 | Vaults:5 | Identified the +6 glaive "Odalacea" {spect, rC+}
 67178 | Depths:1 | Entered Level 1 of the Depths
 67248 | Depths:1 | Identified the +7 sling of Kismet {freeze, Dex+5 SInv}
 67344 | Depths:1 | Found a gateway to Hell.
 67369 | Depths:1 | Found Yczemiki's Self-Improvement Boutique.
 67389 | Depths:1 | Bought a manual of Shields for 1600 gold pieces
 67389 | Depths:1 | Bought a manual of Transmutations for 1600 gold pieces
 67489 | Depths:1 | Found a one-way gate leading to the halls of Pandemonium.
 67498 | Depths:1 | Identified the +4 dagger of Wyrd {venom, rPois}
 67600 | Depths:1 | Found a runed translucent door.
 67600 | Depths:1 | Noticed Ubraesch's ghost (adept TrMo)
 67629 | Depths:1 | Killed Ubraesch's ghost
 67765 | Depths:1 | Reached skill level 5 in Evocations
 67892 | Depths:2 | Noticed Louise
 67897 | Depths:2 | Killed Louise
 67994 | Depths:2 | Reached skill level 5 in Shields
 68012 | Depths:2 | Found a runed translucent door.
 68091 | Depths:2 | Found a runed translucent door.
 68097 | Depths:2 | Noticed a juggernaut
 68153 | Depths:2 | Reached skill level 10 in Polearms
 68156 | Depths:2 | Reached XP level 27. HP: 177/183 MP: 5/43
 68394 | Depths:2 | Found a one-way gateway to a ziggurat.
 68523 | Depths:2 | Your ally Louise died
 68866 | Depths:2 | Found a shimmering blue altar of Sif Muna.
 68948 | Depths:3 | Found the +4 skin of Zhor {*Englaciate rC+++ SInv}
 69009 | Depths:3 | Reached skill level 10 in Conjurations
 69848 | Depths:4 | Entered Level 4 of the Depths
 69945 | Depths:4 | Identified the +8 long sword of Karma {vorpal, rF+ rN+}
 69955 | Depths:4 | Identified the +7 glaive "Yddecw" {freeze, rElec}
 69979 | Depths:4 | Found a gate to the Realm of Zot.
 70002 | Depths:4 | Identified the +6 spear "Ufump" {antimagic, rElec Will++
                  | Dex-2 SInv}
 70679 | Depths:4 | Found a shimmering altar of Xom.
 71384 | Depths:3 | Voluntarily entered the Abyss.
 71606 | Abyss:3  | Found a blossoming altar of Fedhas.
 71618 | Abyss:3  | Reached skill level 15 in Fighting
 71697 | Abyss:4  | Paralysed by accursed screaming for 1 turns
 71807 | Abyss:4  | Got an abyssal rune of Zot
 71819 | Abyss:4  | Reached skill level 10 in Shields
 72072 | Depths:3 | Escaped the Abyss
 72527 | Slime:1  | Entered Level 1 of the Pits of Slime
 73029 | Slime:2  | You are sucked into a shaft and drop 2 floors!
 73418 | Slime:5  | Entered Level 5 of the Pits of Slime
 73421 | Slime:5  | Paralysed by a floating eye for 3 turns
 73483 | Slime:5  | Found a viscous altar of Jiyva.
 73485 | Slime:5  | Noticed the Royal Jelly
 73497 | Slime:5  | Killed the Royal Jelly
 73514 | Slime:5  | Identified the amulet "Toaghum" {Acrobat Rampage rN+}
 73516 | Slime:5  | Identified the +1 leather armour "Byiwal" {rElec Will-
                  | Dex+6}
 73593 | Slime:5  | Identified the +1 plate armour of Tempters {Fly rElec rF+}
 73635 | Slime:5  | Got a slimy rune of Zot
 73636 | Slime:5  | Identified the +1 leather armour of Dramatic Exits {rC+
                  | Dex+2}
 73893 | Slime:5  | Identified the +3 eveningstar of Distraction {flame, rPois
                  | Str+3}
 74262 | Slime:1  | Reached skill level 27 in Necromancy
 74854 | Hell     | Entered the Vestibule of Hell
 74854 | Hell     | Noticed Geryon
 74868 | Hell     | Killed Geryon
 74898 | Hell     | Found a gateway to the freezing wastes of Cocytus.
 75121 | Hell     | Found a gateway to the Iron City of Dis.
 75298 | Hell     | Found a gateway to the ashen valley of Gehenna.
 75328 | Hell     | Found a gateway to the decaying netherworld of Tartarus.
 75348 | Hell     | Noticed Murray
 75367 | Hell     | Killed Murray
 75560 | Hell     | Learned a level 4 spell: Iskenderun's Mystic Blast
 75603 | Coc:1    | Entered Level 1 of Cocytus
 75693 | Coc:1    | Noticed a shard shrike
 75693 | Coc:1    | Noticed a shard shrike
 75696 | Coc:1    | Noticed a shard shrike
 75702 | Coc:1    | Killed a shard shrike
 75703 | Coc:1    | Noticed a shard shrike
 75704 | Coc:1    | Killed a shard shrike
 75707 | Coc:1    | Killed a shard shrike
 75708 | Coc:1    | Killed a shard shrike
 75801 | Coc:1    | You are sucked into a shaft and drop 1 floor!
 76034 | Coc:3    | Noticed a dread lich
 76042 | Coc:3    | Killed a dread lich
 76282 | Coc:4    | Noticed a shard shrike
 76286 | Coc:4    | Noticed a shard shrike
 76286 | Coc:4    | Noticed a shard shrike
 76291 | Coc:4    | Paralysed by a wendigo for 1 turns
 76303 | Coc:4    | Killed a shard shrike
 76318 | Coc:4    | Killed a shard shrike
 76634 | Zot:1    | Entered Level 1 of the Realm of Zot
 76646 | Zot:1    | Reached skill level 1 in Fire Magic
 77483 | Zot:1    | You are sucked into a shaft and drop 1 floor!
 77735 | Zot:2    | Reached skill level 5 in Fire Magic
 77763 | Zot:2    | Noticed an orb of fire
 77777 | Zot:2    | Killed an orb of fire
 78617 | Zot:1    | Learned a level 2 spell: Scorch
 80750 | Zot:4    | Noticed an orb of fire
 80785 | Zot:4    | Killed an orb of fire
 82093 | Orc:2    | Bought a scroll of poison for 60 gold pieces
 82093 | Orc:2    | Bought a scroll of magic mapping for 112 gold pieces
 82350 | D:12     | Bought a potion of magic for 304 gold pieces
 82891 | Vaults:4 | Bought a potion of invisibility for 192 gold pieces
 83394 | Zot:5    | Entered Level 5 of the Realm of Zot
 83443 | Zot:5    | Noticed an orb of fire
 83454 | Zot:5    | Killed an orb of fire
 84097 | Zot:5    | Noticed a dread lich
 84106 | Zot:5    | Killed a dread lich
 84141 | Zot:5    | Noticed a Killer Klown
 84159 | Zot:5    | Noticed an orb of fire
 84338 | Zot:5    | Killed an orb of fire
 84449 | Zot:5    | Killed a Killer Klown
 84461 | Zot:5    | Noticed an orb of fire
 84474 | Zot:5    | Killed an orb of fire
 84521 | Zot:5    | Noticed an orb of fire
 84530 | Zot:5    | Noticed a Killer Klown
 84541 | Zot:5    | Killed an orb of fire
 84550 | Zot:5    | Reached skill level 10 in Fire Magic
 84561 | Zot:5    | Killed a Killer Klown
 84757 | Zot:5    | Noticed an orb of fire
 84763 | Zot:5    | Noticed a dread lich
 84764 | Zot:5    | Noticed an orb of fire
 84765 | Zot:5    | Noticed an orb of fire
 84775 | Zot:5    | Noticed an orb of fire
 84815 | Zot:5    | Killed an orb of fire
 84826 | Zot:5    | Killed an orb of fire
 84828 | Zot:5    | Killed an orb of fire
 84848 | Zot:5    | Killed an orb of fire
 84853 | Zot:5    | Killed a dread lich
 85005 | Zot:5    | Noticed a Killer Klown
 85014 | Zot:5    | Killed a Killer Klown
 85022 | Zot:5    | Noticed an orb of fire
 86325 | Zot:5    | Killed an orb of fire
 86559 | Pan      | Entered Pandemonium
 87121 | Pan      | Found an opulent altar of Gozag.
 87121 | Pan      | Noticed a dread lich
 87125 | Pan      | Found Futetar's Book Boutique.
 87126 | Pan      | Killed a dread lich
 87127 | Pan      | Reached skill level 10 in Evocations
 87132 | Pan      | Found Futetar's Jewellery Emporium.
 87147 | Pan      | Found Futetar's Demonic Rune Stash.
 87148 | Pan      | Noticed Futetar the pandemonium lord
 87298 | Pan      | Killed Futetar the pandemonium lord
 87299 | Pan      | Found an opulent altar of Gozag.
 87309 | Pan      | Found Futetar's Fine Accessories.
 87326 | Pan      | Found an opulent altar of Gozag.
 87329 | Pan      | Noticed a dread lich
 87340 | Pan      | Killed a dread lich
 87467 | Pan      | Bought a book of Sloth for 684 gold pieces
 87508 | Pan      | Bought the amulet "Jowkutuu" {RegenMP Harm} for 370 gold
                  | pieces
 87508 | Pan      | Bought the ring "Hiath" {rElec rC+ Will+ rCorr Dex+6} for
                  | 628 gold pieces
 87508 | Pan      | Bought a ring of see invisible for 150 gold pieces
 87706 | Depths:1 | Escaped Pandemonium
 88243 | Tomb:1   | Entered Level 1 of the Tomb of the Ancients
 88389 | Tomb:1   | Noticed a juggernaut
 88390 | Tomb:1   | Noticed a juggernaut
 88577 | Tomb:1   | Noticed a royal mummy
 88582 | Tomb:1   | Killed a royal mummy
 88907 | Tomb:2   | Noticed a royal mummy
 88907 | Tomb:2   | Noticed a royal mummy
 88907 | Tomb:2   | Noticed a royal mummy
 88914 | Tomb:2   | Noticed a royal mummy
 88923 | Tomb:2   | Killed a royal mummy
 88924 | Tomb:2   | HP: 6/195 [death scarab[a royal mummy] (4)]
 88925 | Tomb:2   | Slain by a skeletal warrior

Illustrated notes

Levels and vault maps discovered:
D:1:      minmay_arrival_nine_rooms, layout_rooms,
          hellmonk_ecumenical_altar_lost_god, serial_forest,
          infiniplex_forest_clump_large, infiniplex_forest_zigzag_1,
          infiniplex_forest_lined_corner, infiniplex_forest_lined_1,
          infiniplex_forest_3_way, infiniplex_forest_zigzag_1
D:2:      layout_basic, basic_altar, uniq_robin, uniq_natasha, uniq_terence
D:3:      layout_loops_ring, serial_shops, shop
D:4:      layout_basic, gup_ossuary_entry_pyramid
D:5:      layout_loops_corners, mainiacjoe_overflow_alcove_4, vehumet_statue,
          minmay_temple_entry_nine_rooms, hangedman_decor_opposing,
          corexii_corridor_pit, uniq_menkaure
D:6:      layout_cave_pools
D:7:      lemuel_ratsnest, layout_loops_ring, uniq_pikel, uniq_joseph,
          uniq_duvessa
D:8:      layout_basic, general_overflow_altar, erik_lair_dragon,
          enter_bailey_3, gammafunk_ghost_necromancy, minmay_the_grid_2x2
          [minmay_the_grid_fan, minmay_the_grid_expand,
          minmay_the_grid_embedded, minmay_the_grid_prize_inner_circle],
          uniq_maggie
D:9:      layout_basic, lemuel_doored_altar, lemuel_coloured_pillars_altar,
          nicolae_uskayaw_suspiria, serial_shops, nicolae_stop_n_shop_2,
          dk_noncrumbling_3
D:10:     layout_stronghold, ebering_ghost_xom, serial_shops,
          nicolae_shop_bloodbath_and_beyond, minmay_crystal_room,
          chequers_serial_rivers_micro_a
D:11:     layout_basic
D:12:     layout_stronghold, david_orc_2, serial_shops, shop,
          kennysheep_little_box, nicolae_shop_statue_plus,
          nicolae_take_the_stairs, nicolae_zen_rock_garden,
          nicolae_wu_jian_glorious_leap
D:13:     layout_loops_ring, wad_floor_pattern_1
D:14:     layout_layer_cave, skrybe_vaults_entry_preservation,
          nemelex_diamond_rough_becter
D:15:     gammafunk_enter_depths_forms, layout_cave_pools, nicolae_eternal_life,
          grunt_gozag_statues
Temple:   nicolae_temple_slightly_damp_pantheon
Lair:1:   layout_cave_pods, uniq_gastronok, uniq_sonja
Lair:2:   layout_misc_corridors, chequers_serial_rivers_small_3
Lair:3:   kb_forest_paths, layout_chaotic_city, minmay_swamp_entry_worms,
          spider_nest_entry_funnel_web, grunt_forest_large_clearing_hut
Lair:4:   beast_lair_carwin_large_1, layout_gridlike
Lair:5:   cheibrodos_lair_end_hotspot, layout_regular_city,
          dpeg_slime_entry_enclosed
Swamp:1:  nicolae_swamp_wrong_neighborhood, layout_basic_swamp,
          serial_swamp_ruin, evilmike_swamp_ruin_rubble_1,
          evilmike_swamp_ruin_house_1, swamp_pool4, grunt_lady_of_the_lake,
          uniq_aizul, uniq_kirke
Swamp:2:  layout_basic_swamp, hangedman_swamp_ruin_hall, uniq_roxanne
Swamp:3:  layout_basic_swamp, evilmike_swamp_ruin_house_4, swamp_pool2,
          amcnicky_altar_lugonu_corruption, infiniplex_staircase_pool
Swamp:4:  swamp_icy, layout_basic_swamp, swamp_pool1, nicolae_swamp_small_spring
Spider:1: layout_spider_delve
Spider:2: layout_cave_pods
Spider:3: layout_chambers, nicolae_spider_nook
Spider:4: spider_rune_water
Slime:1:  layout_caves
Slime:2:  layout_caves
Slime:3:  layout_caves
Slime:4:  layout_caves
Slime:5
Orc:1:    layout_caves, serial_shops, nicolae_shop_statue_plus
Orc:2:    kennysheep_orc_mage_school, layout_diamond_mine, serial_shops,
          shop_coins, nicolae_shop_window_shopping,
          nicolae_shop_temple_entry_statues_fountains
Elf:1:    minmay_elf_arrival_summoners, layout_loops_cross,
          minmay_elf_demonology, grunt_ministairs_9
Elf:2:    nicolae_elf_blades_crystal_corner, layout_loops_corners, minivault_16,
          solitary_fountain
Elf:3:    nooodl_elf_gasket, layout_geoelf_castle, basic_altar
Vaults:1: portal_desolation_entry_garden, v_misc_4, grunt_vaults_bifocal,
          vaults_mumra_minichess_inversion, vaults_room_stairs_pillars,
          vaults_room_fours, v_misc_14, v_misc_19, v_misc_28, v_misc_5,
          ontoclasm_vaults_gateway, ontoclasm_vaults_spin, v_alt_pattern_1,
          nicolae_vaults_rhombus_6, layout_vaults_big_room, uniq_saint_roka,
          uniq_donald
Vaults:2: vaults_mumra_chevron, nicolae_vaults_little_squares_3,
          nicolae_vaults_network_star, st_more_cells,
          nicolae_vaults_little_squares_5, nicolae_vaults_little_squares_5,
          minmay_crypt_entry_skeletal_spiral, ontoclasm_vaults_idyll, v_misc_12,
          vaults_room_semicircle, nicolae_vaults_big_ls,
          vaults_dpeg_encased_lava, layout_vaults_ring, uniq_frederick
Vaults:3: nicolae_vaults_little_squares_6, ontoclasm_vaults_ligature,
          hangedman_vaults_maws, nicolae_vaults_shelves_hall, vaults_room_pools,
          v_misc_23, v_misc_31, nicolae_vaults_mini_display_case,
          nicolae_vaults_little_ls, grunt_vaults_diagonal,
          layout_vaults_omnigrid, serial_hangedman_research, serial_shops,
          nicolae_shop_hallway_plus
Vaults:4: grunt_vaults_hallway_short, ontoclasm_vaults_gallery,
          vaults_room_large_hall, nicolae_vaults_border_crossing, v_misc_5,
          ontoclasm_vaults_pinch, v_misc_25, nicolae_vaults_network_s,
          grunt_vaults_trifunnel, vaults_standard_mumra_x, v_rooms_4,
          vaults_dpeg_hooks, nicolae_vaults_asterisk, v_misc_24,
          layout_vaults_omnibox, serial_shops, shop
Vaults:5: uniq_mara
Crypt:1:  layout_gridlike, basic_altar, grunt_ministairs_3, grunt_megastairs_4
Crypt:2:  layout_gridlike, grunt_megastairs_1, uniq_zenata, uniq_boris
Crypt:3:  quadcrypt_mu, uniq_grunn, uniq_josephina
Tomb:1
Tomb:2
Depths:1: layout_gridlike, gammafunk_ghost_grave, skrybe_limestone_x,
          rand_demon_pan_entry_8, hell_entry, st_stairs_13, minivault_16,
          chequers_serial_rivers_micro_c, minmay_misc_feat_room,
          nicolae_shop_self_help
Depths:2: minmay_expanding_circles, layout_cave_shapes, enter_ziggurat_c,
          nicolae_abyss_entry_one_way_or_another, pan_entry, hell_entry,
          kennysheep_decorative_pillar, tgw_sif, minmay_staircase_windowed_small
Depths:3: nicolae_terramorphic_expanse [nicolae_terramorphic_quarter,
          nicolae_terramorphic_quarter, nicolae_terramorphic_quarter,
          nicolae_terramorphic_quarter, nicolae_terramorphic_quarter,
          nicolae_terramorphic_biome, nicolae_terramorphic_biome,
          nicolae_terramorphic_biome, nicolae_terramorphic_biome],
          layout_cave_pools, infiniplex_staircase_zigzag_3, pan_entry,
          grunt_metal_band, abyss_entry
Depths:4: lemuel_castle_with_subvaults [lemuel_castle_interior_carwin_3],
          layout_cave_pools, grunt_hell_entry_dis_old, grunt_decor_resistance,
          tgw_xom
Hell
Coc:1:    layout_ice_bergs
Coc:2:    layout_cocytus_delve
Coc:3:    layout_cocytus_water_paths
Coc:4:    layout_cocytus_water_paths
Zot:1:    layout_basic, hangedman_swamp_dais, grunt_megastairs_2
Zot:2:    layout_misc_corridors
Zot:3:    layout_misc_corridors
Zot:4:    layout_misc_corridors, kennysheep_underground_church
Zot:5:    layout_basic

Skill      XL: |  1  2  3  4  5  6  7  8  9 10 11 12 13 14 15 16 17 18 19 20 21 22 23 24 25 26 27 |
---------------+----------------------------------------------------------------------------------+-----
Armour         | 1 2 3 4 5 7 8 10 12 14 | 14.0
Necromancy     | 5 6 8 10 13 15 16 17 19 20 21 22 23 24 25 26 27 | 27.0
Spellcasting   | 3 4 5 6 8 9 10 11 12 13 14 15 16 19 | 19.0
Translocations | 1 2 4 |  4.0
Shields        | 4 5 14 | 14.0
Earth Magic    | 2 5 8 10 11 13 15 19 | 19.7
Hexes          | 2 5 |  5.0
Transmutations | 6 9 10 11 12 13 14 15 20 | 20.0
Fighting       | 4 7 8 10 11 12 13 14 18 | 18.0
Ice Magic      | 5 8 10 | 10.0
Polearms       | 2 5 7 9 10 14 | 14.0
Conjurations   | 2 7 9 13 | 13.8
Evocations     | 3 5 10 | 10.0
Fire Magic     | 13 | 13.5
Dodging        | |  2.0
Stealth        | |  2.0

Action                   |  1- 3 |  4- 6 |  7- 9 | 10-12 | 13-15 | 16-18 | 19-21 | 22-24 | 25-27 || total
-------------------------+-------+-------+-------+-------+-------+-------+-------+-------+-------++-------
Melee: Dagger            |     4 |    12 |       |       |       |       |       |       |       ||    16
       Spear             |       |    12 |    62 |   122 |    63 |       |     3 |       |       ||   262
       Flail             |       |    16 |   160 |    27 |    24 |       |       |       |       ||   227
       Mace              |       |    11 |       |       |       |       |       |       |       ||    11
       Trident           |       |       |       |       |    18 |    28 |       |       |       ||    46
       Staff             |       |       |       |       |       |     1 |     2 |     1 |       ||     4
       Demon trident     |       |       |       |       |       |       |       |    55 |   300 ||   355
Throw: Dart              |       |     2 |     3 |    10 |     4 |       |       |       |       ||    19
       Javelin           |       |       |       |     1 |       |       |       |       |       ||     1
       Throwing net      |       |       |       |     1 |       |       |       |       |       ||     1
 Cast: Necrotise         |    47 |   129 |    91 |    63 |    25 |     6 |       |       |       ||   361
       Animate Dead      |       |     2 |    13 |    21 |    25 |    16 |    12 |    11 |    49 ||   149
       Vampiric Draining |       |       |    44 |   124 |    82 |    45 |    29 |    44 |    53 ||   421
       Blink             |       |       |       |     5 |    20 |     3 |       |     1 |    27 ||    56
       Anguish           |       |       |       |    32 |   128 |    87 |    85 |    46 |    47 ||   425
       Borgnjor's Vile C |       |       |       |    18 |   124 |   139 |   164 |   187 |   533 ||  1165
       Death Channel     |       |       |       |     1 |    47 |    51 |    47 |    55 |   113 ||   314
       Infestation       |       |       |       |       |     5 |    90 |    77 |    73 |   187 ||   432
       Necromutation     |       |       |       |       |       |    28 |   116 |    94 |   296 ||   534
       Frozen Ramparts   |       |       |       |       |       |       |    26 |    49 |    37 ||   112
       Gell's Gravitas   |       |       |       |       |       |       |    27 |    23 |    38 ||    88
       Iron Shot         |       |       |       |       |       |       |       |     2 |   257 ||   259
       Dispel Undead     |       |       |       |       |       |       |       |       |    73 ||    73
       Scorch            |       |       |       |       |       |       |       |       |    30 ||    30
       Iskenderun's Myst |       |       |       |       |       |       |       |       |     4 ||     4
Invok: Unearth Wretches  |       |       |       |     3 |     4 |    24 |    22 |    24 |    90 ||   167
       Receive Forbidden |       |       |       |       |     1 |       |       |       |       ||     1
 Abil: Evoke Blink       |       |       |       |       |       |       |     2 |       |       ||     2
       Evoke Invisibilit |       |       |       |       |       |       |       |       |     5 ||     5
Evoke: Wand              |       |       |       |       |    23 |       |       |       |    13 ||    36
       Condenser vane    |       |       |       |       |       |       |     1 |       |       ||     1
       Phantom mirror    |       |       |       |       |       |       |       |       |     5 ||     5
       Horn of Geryon    |       |       |       |       |       |       |       |       |     2 ||     2
  Use: Potion            |       |     5 |     4 |     5 |     5 |    12 |       |     9 |    21 ||    61
       Scroll            |       |       |    11 |     3 |    18 |     9 |     6 |    17 |    41 ||   105
 Stab: Distracted        |       |     1 |       |     1 |     3 |     2 |       |     3 |    14 ||    24
       Sleeping          |       |       |     1 |       |       |       |       |       |       ||     1
       Paralysed         |       |       |       |       |       |       |       |     1 |     1 ||     2
Armor: Robe              |     1 |    27 |    70 |    40 |       |       |       |       |       ||   138
       Skin              |       |       |       |     3 |       |       |       |       |       ||     3
       Acid dragon scale |       |       |       |    45 |    53 |       |       |       |       ||    98
       Ring mail         |       |       |       |       |    46 |    44 |    46 |    50 |     1 ||   187
       Troll leather arm |       |       |       |       |       |       |       |       |   281 ||   281
Dodge: Dodged            |     8 |    61 |   157 |   149 |   100 |    44 |    44 |    64 |   222 ||   849
       Repelled          |       |       |       |       |       |     2 |     6 |     1 |    15 ||    24
Block: Buckler           |       |    13 |    54 |    60 |    49 |    16 |    18 |    29 |   159 ||   398
